Map: Dusk Towers

Players

hunterxx - Winner!

  • Race: Zerg Zerg
  • League: Master

ILLBdA

  • Race: Protoss Protoss
  • League: Diamond

VOD

Have the link to the VOD?

Description

Time

  • Played on: Dec. 14, 2015, 9:11 a.m.
  • Length: 9:25
Show
View Real Time Build Order
Export as new Build Order

hunterxx Zerg - Winner!

Build Orders: 3 Hatch before Pool 

Get SALT Encoding   

  12  0:01  Drone  
  13  0:12  Overlord  
  13  0:18  Drone  
  14  0:30  Drone  
  14  0:31  Drone  
  14  0:34  Drone  
  17  0:56  Hatchery  
  16  0:59  Drone  
  17  1:17  Drone  
  18  1:22  Hatchery  
  17  1:31  Spawning Pool  
  16  1:35  Drone  
  16  1:37  Drone, Extractor  
  17  1:41  Drone  
  18  1:50  Drone  
  19  2:09  Drone x3  
  22  2:19  Queen  
  22  2:21  Queen  
  22  2:22  Overlord  
  26  2:23  Drone  
  27  2:33  Queen  
  27  2:36  Zergling x2  
  30  2:41  Metabolic Boost  
  30  2:44  Zergling x2  
  30  2:45  Zergling x2  
  30  2:49  Drone  
  33  2:52  Drone  
  33  2:55  Drone  
  33  2:58  Drone x2  
  37  3:01  Drone  
  37  3:05  Drone x2  
  40  3:09  Overlord  
  40  3:12  Drone  
  41  3:15  Drone  
  42  3:28  Drone  
  42  3:30  Drone x7  
  50  3:40  Overlord  
  50  3:47  Lair  
  50  3:53  Overlord  
  50  3:59  Extractor  
  50  4:01  Overlord  
  50  4:02  Drone  
  50  4:12  Extractor  
  50  4:13  Extractor  
  50  4:15  Drone x10  
  58  4:20  Overlord  
  58  4:22  Hatchery  
  57  4:27  Evolution Chamber  
  57  4:29  Evolution Chamber  
  57  4:30  Overlord  
  55  4:32  Drone x3  
  58  4:41  Overlord  
  57  4:53  Drone  
  57  4:54  Drone x2, Zerg Ground Armor Level 1, Zerg Melee Weapons Level 1  
  57  4:58  Infestation Pit  
  57  4:59  Drone x5  
  66  5:00  Drone x2  
  66  5:03  Drone x2, Extractor  
  66  5:04  Extractor  
  66  5:10  Drone x3  
  66  5:11  Drone  
  70  5:39  Zergling x4  
  70  5:40  Pathogen Glands, Zergling x24  
  84  5:51  Hatchery  
  84  5:52  Zergling x2  
  84  5:53  Zergling x8  
  84  5:54  Overlord  
  84  5:55  Overlord x2  
  88  5:59  Baneling Nest  
  88  6:02  Overlord  
  87  6:12  Overlord  
  87  6:14  Infestor x3  
  87  6:15  Infestor x2, Extractor  
  87  6:17  Infestor  
  98  6:21  Extractor  
  98  6:23  Zergling x2  
  98  6:24  Zergling x8  
  100  6:34  Overlord, Zergling x2  
  100  6:35  Zergling x10  
  100  6:37  Zergling x2  
  100  6:39  Zergling x4  
  107  6:53  Infestor x4  
  115  7:01  Zergling x8  
  102  7:18  Zergling x2  
  102  7:19  Zergling x26  
  109  7:26  Zergling x4  
  109  7:28  Zergling x4  
  113  7:30  Zergling x2  
  113  7:36  Hive  
  113  7:45  Drone  
  113  7:46  Drone x6  
  113  7:50  Drone x2  
  122  7:54  Overlord x2  
  120  8:23  Zergling x16  
  120  8:24  Overlord, Zergling x14  
  128  8:47  Zergling x2  
  128  8:48  Zergling x28  
  125  8:56  Zergling x6  
  125  8:57  Zergling x2  
  119  9:09  Ultralisk Cavern  
Show
View Real Time Build Order
Export as new Build Order

ILLBdA Protoss 

Build Orders: 1 Gate Expand 

Get SALT Encoding   

  12  0:01  Probe (Chrono Boost)  
  13  0:11  Probe (Chrono Boost)  
  14  0:19  Pylon  
  14  0:22  Probe (Chrono Boost)  
  15  0:37  Probe (Chrono Boost)  
  15  0:40  Gateway  
  16  0:48  Probe (Chrono Boost)  
  17  0:58  Probe (Chrono Boost)  
  18  1:09  Probe (Chrono Boost)  
  19  1:16  Nexus  
  19  1:20  Probe (Chrono Boost)  
  20  1:29  Cybernetics Core  
  20  1:31  Probe (Chrono Boost)  
  21  1:35  Assimilator  
  21  1:41  Probe (Chrono Boost)  
  21  1:43  Assimilator  
  22  1:49  Pylon  
  22  1:52  Probe (Chrono Boost)  
  23  2:10  Adept (Chrono Boost)  
  23  2:11  Probe  
  26  2:20  Warp Gate  
  26  2:23  Probe  
  26  2:27  Probe  
  26  2:28  Pylon  
  28  2:34  Stalker (Chrono Boost)  
  28  2:35  Probe  
  31  2:37  Probe  
  32  2:44  Pylon  
  32  2:48  Mothership Core (Chrono Boost)  
  32  2:49  Probe (Chrono Boost)  
  35  3:00  Probe (Chrono Boost)  
  36  3:06  Probe (Chrono Boost)  
  36  3:07  Sentry  
  36  3:12  Probe (Chrono Boost)  
  40  3:14  Assimilator  
  40  3:15  Assimilator  
  40  3:29  Probe (Chrono Boost), Nexus  
  40  3:33  Sentry  
  43  3:40  Pylon  
  43  3:41  Probe (Chrono Boost)  
  44  3:48  Probe (Chrono Boost)  
  44  3:52  Probe (Chrono Boost), Twilight Council  
  46  4:00  Gateway  
  48  4:02  Gateway  
  48  4:13  Pylon x2  
  46  4:18  Probe (Chrono Boost)  
  46  4:19  Probe (Chrono Boost), Blink (Chrono Boost)  
  48  4:28  Probe x2 (Chrono Boost)  
  50  4:35  Sentry  
  50  4:38  Probe  
  52  4:39  Probe, Assimilator  
  52  4:41  Probe  
  52  4:44  Assimilator  
  55  4:49  Probe  
  55  4:52  Probe  
  56  4:53  Probe  
  57  5:00  Stalker x2  
  57  5:01  Stalker  
  57  5:03  Probe  
  64  5:08  Pylon  
  64  5:19  Probe  
  65  5:25  Gateway  
  65  5:26  Sentry x3  
  65  5:27  Gateway  
  65  5:28  Probe  
  72  5:29  Probe, Gateway  
  72  5:31  Probe  
  74  5:40  Probe  
  74  5:41  Probe  
  76  5:47  Pylon  
  76  5:50  Assimilator  
  76  5:51  Forge  
  76  5:52  Forge  
  76  5:56  Sentry x3  
  82  6:02  Probe  
  83  6:08  Robotics Facility  
  83  6:24  Pylon  
  83  6:28  Stalker  
  83  6:29  Stalker x5  
  95  6:46  Protoss Ground Weapons Level 1, Protoss Ground Armor Level 1  
  95  6:50  Stalker x2  
  95  6:51  Stalker x3  
  95  6:52  Warp Prism (Chrono Boost)  
  107  7:02  Stalker  
  89  7:18  Stalker x3  
  69  7:23  Stalker x3  
  73  7:36  Observer  
  71  7:37  Probe  
  71  7:43  Probe  
  71  7:47  Templar Archives, Stalker x3  
  71  7:48  Stalker, Pylon  
  79  7:53  Probe  
  80  8:02  Stalker x2  
  84  8:09  Stalker x2  
  88  8:14  Stalker x2  
  92  8:25  High Templar  
  94  8:37  High Templar  
  96  8:44  Archon  
  96  8:48  Zealot x3  
  96  8:49  Zealot  
  82  8:58  Stalker  
  80  9:08  Stalker x2  
  80  9:09  Stalker  
  86  9:22  Zealot  
Tags
 
Add a new tag
Caveats
  • Supply blocks, unpowered buildings, or Contaminate may cause inaccurate times.
  • Supply counts are checked every 10 seconds.